 Dungeon Crawl Stone Soup version 0.27.1-4-g1640c2035a (webtiles) character file.

Game seed: 15093417091250783764

15028 Iepvzaeh the Protected (level 11, 0/99 HPs)
             Began as a Minotaur Berserker on Nov 1, 2021.
             Was a High Priest of Trog.
             Slain by a blink frog (9 damage)
             ... on level 2 of the Lair of Beasts.
             The game lasted 00:52:58 (14150 turns).

Iepvzaeh the Protected (Minotaur Berserker)        Turns: 14150, Time: 00:52:58

Health: 0/99       AC: 21    Str: 25    XL:     11   Next: 96%
Magic:  10/10      EV:  8    Int:  4    God:    Trog [*****.]
Gold:   460        SH: 10    Dex: 10    Spells: 10/10 levels left

rFire    . . .     SeeInvis .   a - +4 scimitar (flame)
rCold    . . .     Faith    .   j - +0 kite shield
rNeg     . . .     Spirit   .   H - +0 chain mail
rPois    .         Reflect  .   (helmet restricted)
rElec    .         Harm     .   E - +0 cloak
rCorr    .         Rampage  .   W - +1 pair of gloves
Will     +....                  t - +0 pair of boots
Stlth    ..........             (no amulet)
HPRegen  0.26/turn              S - ring of willpower
MPRegen  0.12/turn              s - +4 ring of protection

@: on berserk cooldown, slowed, very slow
A: horns 2, retaliatory headbutt
a: Renounce Religion, Berserk, Trog's Hand, Brothers in Arms


You were on level 2 of the Lair of Beasts.
You worshipped Trog.
Trog was extremely pleased with you.
You visited 3 branches of the dungeon, and saw 11 of its levels.
You also visited: Ossuary.

You collected 484 gold pieces.
You spent 24 gold pieces at shops.

Inventory:

Hand Weapons
 a - a +4 scimitar of flaming (weapon)
 b - a +0 hunting sling
 v - a +2 antimagic great mace
 D - a +2 vorpal mace
 X - a +2 quarterstaff of chaos
Missiles
 d - 64 bolts
 h - 238 stones
 q - 55 arrows
 U - 5 boomerangs of dispersal (quivered)
 Y - 5 atropa-tipped darts
Armour
 j - a +0 kite shield (worn)
 t - a +0 pair of boots (worn)
 E - a +0 cloak (worn)
 H - a +0 chain mail (worn)
 W - a +1 pair of gloves (worn)
Jewellery
 g - an amulet of faith
 i - a ring of protection from fire
 s - a +4 ring of protection (right hand)
 w - a ring of willpower
 x - a ring of resist corrosion
 K - a ring of flight
 S - a ring of willpower (left hand)
 V - a ring of protection from fire
Wands
 y - a wand of polymorph (1)
 A - a wand of flame (29)
 C - a wand of paralysis (9)
 Q - a wand of mindburst (5)
Scrolls
 c - 2 scrolls of enchant armour
 f - 5 scrolls of teleportation
 l - a scroll of enchant weapon {unknown}
 m - 2 scrolls of torment
 n - a scroll of summoning {unknown}
 o - 2 scrolls of amnesia {unknown}
 p - a scroll of fog {unknown}
 J - a scroll of noise {unknown}
 M - 2 scrolls of acquirement {unknown}
 N - a scroll of magic mapping {unknown}
 O - 3 scrolls of immolation {unknown}
 P - 3 scrolls of blinking {unknown}
 Z - a scroll of identify
Potions
 e - 4 potions of curing
 k - a potion of attraction
 r - 2 potions of lignification
 u - a potion of cancellation
 z - 2 potions of resistance {unknown}
 B - a potion of haste
 F - 2 potions of heal wounds
 G - 2 potions of degeneration {unknown}
 I - a potion of invisibility {unknown}
 L - 2 potions of magic
 R - a potion of berserk rage {unknown}
 T - a potion of might {unknown}


   Skills:
 + Level 9.8 Fighting
 + Level 1.1 Long Blades
 * Level 11.0(12.6) Maces & Flails
 - Level 4.2(7.9) Polearms
 - Level 10.4(12.6) Staves
 + Level 4.2 Slings
 + Level 11.1 Armour
 + Level 5.3 Dodging
 + Level 3.4 Stealth
 + Level 4.5 Shields
 + Level 1.2 Evocations


You had 10 spell levels left.
You didn't know any spells.
Your spell library was empty.

Dungeon Overview and Level Annotations

Branches:
Dungeon (8/15)             Temple (1/1) D:4            Lair (2/6) D:8
  Swamp (0/4) Lair:2      Ossuary (visited)
  Snake: Lair:2-4    Spider: Lair:2-4

Altars:
Ashenzari
Cheibriados
Dithmenos
Elyvilon
Fedhas
Gozag
Hepliaklqana
Kikubaaqudgha
Makhleb
Nemelex Xobeh
Okawaru
Qazlal
Ru
Sif Muna
Uskayaw
Vehumet
Wu Jian
Xom
Yredelemnul
Zin
The Shining One

Shops:
D:2 *


Innate Abilities, Weirdness & Mutations

You have a pair of horns on your head.
You reflexively headbutt those who attack you in melee.


Message History

You headbutt the wolf.
The blink frog blinks!
The wolf bites you.
The blink frog blinks!
You barely miss the wolf. You headbutt the wolf.
The wolf is heavily wounded.
You block the wolf's attack. The wolf barely misses you.
The blink frog hits you but does no damage.
The wolf bites you but does no damage.
The blink frog blinks!
The blink frog barely misses you.
You riposte.
You closely miss the blink frog. You block the wolf's attack.
The blink frog hits you but does no damage.
You slash the wolf! You burn the wolf.
You kill the wolf!
Trog accepts your kill.
You block the blink frog's attack. x2; The blink frog blinks!
The blink frog hits you but does no damage.
The komodo dragon bites you but does no damage.
You block the blink frog's attack.
You slice the komodo dragon!! You burn the komodo dragon.
The komodo dragon is heavily wounded.
The blink frog hits you but does no damage.
The komodo dragon bites you!!
The blink frog hits you but does no damage.
The komodo dragon hisses menacingly.
You block the komodo dragon's attack.
The blink frog blinks!
Unknown command.
You feel better.
The blink frog hits you but does no damage.
You block the komodo dragon's attack. x2
The blink frog hits you but does no damage.
You slash the komodo dragon! You burn the komodo dragon.
You headbutt the komodo dragon, but do no damage.
The komodo dragon is almost dead.
The blink frog blinks!
You block the blink frog's attack. The blink frog closely misses you.
The komodo dragon bites you!!
* * * LOW HITPOINT WARNING * * *
The blink frog hits you but does no damage. x2
The komodo dragon bites you.
* * * LOW HITPOINT WARNING * * *
The blink frog hits you!
You die...

#..................#...
##...§§§§..........###.
.+#####...§.§§.§§...........
............§§§§§...........
............§F..............
.........###.#§.............
.$.......##P.#.P##.....[####
.........†l.F.§..#......####
...###..##@F....#......##..
.#+###..##.?....#......#...
..........#.†...............
.........†.......#..........
≈≈≈;...§.###....##.......#..
≈≈≈P.....# #..###.......##.#
≈≈≈....... .................
≈P≈≈..#... ................<
≈≈≈.........F...............


You could see a komodo dragon and 3 blink frogs.

Vanquished Creatures
  3 hydras
  Erica (Lair:1)
  Pikel (D:5)
  6 cane toads
  An unseen horror (D:6)
  2 komodo dragons
  A hornet (D:7)
  2 polar bears (Lair:1)
  Grinder (D:3)
  A blink frog (Lair:2)
  Sigmund (D:3)
  19 yaks
  2 wyverns
  2 basilisks (Lair:1)
  An acid dragon (D:8)
  Edmund (D:6)
  10 water moccasins
  3 black bears
  An ice beast (D:6)
  An orc warrior (D:7)
  3 ogres
  3 necrophages
  4 wolves
  3 phantoms
  A lemure (D:5)
  A kobold brigand (D:8)
  5 scorpions
  4 bullfrogs
  3 wyvern zombies
  Dowan (D:5)
  4 water moccasin zombies
  An electric eel (Lair:1)
  3 howler monkeys (D:7)
  Crazy Yiuf (D:5)
  A centaur skeleton (D:6)
  2 hounds
  5 jellies
  An orc priest (D:8)
  A bullfrog skeleton (D:7)
  Jessica (D:3)
  Ijyb (D:4)
  Terence (D:1)
  7 orc wizards
  A killer bee zombie (D:7)
  2 mummies (Ossuary)
  A hound skeleton (D:4)
  Robin (D:4)
  A howler monkey skeleton (D:6)
  8 adders
  7 gnolls
  A white imp (D:7)
  An ufetubus (D:4)
  7 adder zombies (Ossuary)
  3 dart slugs
  2 worms
  21 orcs
  8 bats
  9 endoplasms
  5 giant cockroaches
  6 gnoll zombies (Ossuary)
  16 goblins
  10 hobgoblins
  3 quokkas
  6 ball pythons
  2 frilled lizards
  9 hobgoblin zombies (Ossuary)
  12 kobolds
  7 kobold zombies (Ossuary)
  4 orc zombies (Ossuary)
  8 rats
278 creatures vanquished.

Vanquished Creatures (others)
  Duvessa (D:5)
  13 fungi
  15 plants
29 creatures vanquished.

Grand Total: 307 creatures vanquished

Notes
Turn   | Place    | Note
-------+----------+-------------------------------------------
     0 | D:1      | Iepvzaeh the Minotaur Berserker began the quest for the
                  | Orb.
     0 | D:1      | Reached XP level 1. HP: 19/19 MP: 0/0
   342 | D:1      | Reached XP level 2. HP: 20/27 MP: 1/1
   505 | D:1      | Found a faded altar of an unknown god.
   678 | D:1      | Reached ** piety under Trog
  1003 | D:2      | Noticed Terence
  1009 | D:2      | HP: 1/27 [Terence (8)]
  1019 | D:1      | Killed Terence
  1020 | D:1      | Reached XP level 3. HP: 7/34 MP: 2/2
  1572 | D:2      | Reached skill level 1 in Maces & Flails
  1572 | D:2      | Reached XP level 4. HP: 41/41 MP: 3/3
  2153 | D:2      | Found Weomm's General Store.
  2156 | D:2      | Bought a scroll of identify for 24 gold pieces
  2333 | D:2      | Found a shimmering blue altar of Sif Muna.
  2621 | D:3      | Noticed Jessica
  2622 | D:3      | Noticed Sigmund
  2631 | D:3      | Killed Jessica
  2632 | D:3      | Reached XP level 5. HP: 40/47 MP: 4/4
  2638 | D:3      | Killed Sigmund
  2639 | D:3      | Reached XP level 6. HP: 32/53 MP: 5/5
  2766 | D:3      | Noticed Grinder
  2778 | D:3      | Killed Grinder
  2779 | D:3      | Reached skill level 5 in Maces & Flails
  2779 | D:3      | Reached skill level 1 in Slings
  2779 | D:3      | Reached skill level 1 in Stealth
  2956 | D:3      | Reached skill level 1 in Shields
  2956 | D:3      | Reached XP level 7. HP: 57/60 MP: 6/6
  3128 | D:3      | Reached skill level 5 in Fighting
  3134 | D:3      | Reached *** piety under Trog
  3918 | D:4      | Noticed Robin
  4144 | D:4      | Killed Robin
  4597 | D:4      | Noticed Ijyb
  4607 | D:4      | Killed Ijyb
  4723 | D:4      | Reached skill level 5 in Armour
  4886 | D:4      | Reached XP level 8. HP: 50/69 MP: 7/7
  4980 | D:4      | Found a staircase to the Ecumenical Temple.
  4986 | Temple   | Entered the Ecumenical Temple
  5296 | D:4      | Found an ornate altar of the Wu Jian Council.
  5557 | D:5      | Entered Level 5 of the Dungeon
  5798 | D:5      | Found a runed translucent door.
  5799 | D:5      | Noticed Crazy Yiuf
  5817 | D:5      | Killed Crazy Yiuf
  6131 | D:5      | Noticed a +0 dagger
  6131 | D:5      | Noticed a +0 hand axe
  6134 | D:5      | Found a hide-covered altar of Uskayaw.
  6201 | D:5      | Noticed Duvessa
  6203 | D:5      | Noticed Dowan
  6214 | D:5      | Killed Duvessa
  6219 | D:5      | Killed Dowan
  6426 | D:5      | Reached skill level 1 in Staves
  6437 | D:5      | Noticed Pikel
  6452 | D:5      | Killed Pikel
  6453 | D:5      | Reached XP level 9. HP: 41/78 MP: 8/8
  6884 | D:5      | Found a snail-covered altar of Cheibriados.
  7115 | D:5      | Found a glowing silver altar of Zin.
  7159 | D:6      | Reached **** piety under Trog
  7442 | D:6      | Found a sand-covered staircase.
  7452 | D:6      | Noticed Edmund
  7460 | D:6      | Killed Edmund
  7467 | Ossuary  | Entered an ossuary
  7543 | Ossuary  | Reached skill level 5 in Staves
  7846 | D:6      | Killed an unseen horror
  7847 | D:6      | Reached skill level 5 in Dodging
  8252 | D:7      | Reached ***** piety under Trog
  8330 | D:7      | Reached XP level 10. HP: 62/88 MP: 9/9
  8742 | D:7      | Found a stormy altar of Qazlal.
  8901 | D:7      | Found a sacrificial altar of Ru.
  9221 | D:8      | Found an ancient bone altar of Kikubaaqudgha.
  9886 | D:8      | Found a hazy altar of Hepliaklqana.
  9887 | D:8      | Found a shadowy altar of Dithmenos.
  9993 | D:8      | Identified the +0 leather armour of Spring {Str+3 SInv
                  | Stlth-}
 10124 | D:8      | Found a staircase to the Lair.
 10174 | Lair:1   | Entered Level 1 of the Lair of Beasts
 10327 | Lair:1   | Noticed a cane toad
 10675 | D:8      | Killed a cane toad
 10792 | D:8      | Reached skill level 10 in Staves
 10867 | Lair:1   | Reached skill level 1 in Evocations
 10957 | Lair:1   | Received a gift from Trog
 10982 | Lair:1   | Noticed a cane toad
 10986 | Lair:1   | Killed a cane toad
 10987 | Lair:1   | Reached XP level 11. HP: 95/95 MP: 3/10
 11055 | Lair:1   | Noticed a five-headed hydra
 11070 | Lair:1   | Killed a five-headed hydra
 11099 | Lair:1   | Reached skill level 10 in Armour
 11258 | Lair:1   | Noticed Erica
 11271 | Lair:1   | Killed Erica
 12446 | Lair:2   | Reached skill level 10 in Maces & Flails
 13051 | Lair:2   | Noticed an eight-headed hydra
 13065 | Lair:2   | Killed a three-headed hydra
 13381 | Lair:2   | Noticed a seven-headed hydra
 14087 | Lair:2   | Found a staircase to the Swamp.
 14124 | Lair:2   | Killed a four-headed hydra
 14125 | Lair:2   | Reached skill level 1 in Long Blades
 14150 | Lair:2   | Slain by a blink frog

Illustrated notes

Levels and vault maps discovered:
D:1:      dpeg_arrival_rooms_a, layout_basic,
          dreamdust_ecumenical_altar_angels_and_demons, minmay_misc_feat_iff
D:2:      layout_basic, basic_altar, serial_shops, nicolae_shop_behind_doors,
          minmay_between, uniq_terence
D:3:      layout_basic, minmay_puff, uniq_sigmund, uniq_grinder, uniq_jessica
D:4:      layout_gridville, nzn_wu_jian_council_hall, minmay_temple_entry_grid,
          grunt_ministairs_6, uniq_robin, uniq_ijyb
D:5:      layout_cave_pods, kennysheep_slug_shrine, dancing_weapons_uskayaw,
          zin_treasury, uniq_pikel, uniq_crazy_yiuf_cottage, uniq_duvessa
D:6:      layout_basic, lightli_ossuary_entry_decrepit_ruins, uniq_edmund
D:7:      layout_rooms, mainiacjoe_overflow_boulevard,
          nicolae_ru_great_annihilating_truth, kennysheep_generic_room_12
D:8:      layout_loops_ring, riverfiend_overflow_shadow_ancestor,
          mainiacjoe_overflow_concentric_impassable, lair_entry_dummy
Temple:   minmay_temple_bridge_abc
Lair:1:   layout_gridlike, gammafunk_lair_bear_cave, uniq_erica
Lair:2:   layout_regular_city, swamp_mist, serial_bayou_shore_a,
          infiniplex_staircase_pool_2

Skill      XL: |  1  2  3  4  5  6  7  8  9 10 11 |
---------------+----------------------------------+-----
Fighting       | 4 5 6 7 8 9 |  9.8
Polearms       | 4 |  4.2
Armour         | 3 4 5 6 7 9 11 | 11.1
Maces & Flails | 1 2 4 5 7 11 | 11.0
Slings         | 1 2 3 4 |  4.2
Dodging        | 3 4 5 |  5.3
Stealth        | 1 2 3 |  3.4
Shields        | 1 2 3 4 |  4.5
Staves         | 2 8 10 | 10.4
Evocations     | 1 |  1.2
Long Blades    | 1 |  1.1

Action                   |  1- 3 |  4- 6 |  7- 9 | 10-12 || total
-------------------------+-------+-------+-------+-------++-------
Melee: Spear             |    23 |       |    14 |       ||    37
       Headbutt          |    11 |     9 |    71 |    55 ||   146
       Mace              |    37 |    54 |   157 |       ||   248
       Whip              |     5 |       |       |       ||     5
       Quarterstaff      |       |       |   213 |   142 ||   355
       Great mace        |       |       |       |   120 ||   120
       Scimitar          |       |       |       |    29 ||    29
 Fire: Hunting sling     |       |    14 |    10 |    26 ||    50
Throw: Throwing net      |       |       |       |     4 ||     4
Invok: Berserk           |       |     1 |     2 |     4 ||     7
Evoke: Wand              |       |       |     5 |     9 ||    14
  Use: Potion            |     1 |       |     1 |     6 ||     8
       Scroll            |       |     1 |     6 |     2 ||     9
 Stab: Paralysed         |       |       |     2 |     7 ||     9
       Confused          |       |       |     1 |       ||     1
       Held in net/web   |       |       |       |     2 ||     2
Armor: Animal skin       |     5 |       |       |       ||     5
       Leather armour    |     6 |       |       |       ||     6
       Scale mail        |     6 |    26 |   105 |       ||   137
       Skin              |       |       |    25 |       ||    25
       Chain mail        |       |       |   104 |   212 ||   316
Dodge: Dodged            |    37 |    18 |   137 |   173 ||   365
Block: Kite shield       |     6 |    10 |   112 |    42 ||   170
       Rpst.: Scimitar   |       |       |       |     6 ||     6
